 Dungeon Crawl Stone Soup version 0.23.0 (webtiles) character file.

Game seed: 8014342205776162881

37987 Lavandula the Brawler (level 13, -15/127 HPs)
             Began as a Troll Berserker on Feb 14, 2019.
             Was an Elder of Trog.
             Demolished by a dire elephant (24 damage)
             ... on level 15 of the Dungeon.
             The game lasted 00:26:35 (11322 turns).

Lavandula the Brawler (Troll Berserker)            Turns: 11322, Time: 00:26:36

Health: -15/127    AC:  8    Str: 31    XL:     13   Next: 61%
Magic:  12/12      EV: 15    Int:  4    God:    Trog [****..]
Gold:   838        SH: 12    Dex:  9    Spells: 12/12 levels left

rFire    . . .     SeeInvis .     - Unarmed
rCold    + . .     Gourm    +   Y - +1 shield {rN+}
rNeg     + + .     Faith    .   X - +0 robe {rN+}
rPois    .         Spirit   .   R - +2 hat {MR+}
rElec    .         Reflect  .   n - scarf {repulsion}
rCorr    .         Harm     .   (gloves unavailable)
MR       +++..                  (boots unavailable)
Stlth    +.........             P - amulet of the acrobat
HPRegen  1.71/turn              Z - ring of protection from cold
MPRegen  0.13/turn              B - +2 ring of evasion

@: berserk cooldown, regenerating, slowed, repel missiles, very slow
A: large, unfitting armour, claws 3, fast metabolism 3, gourmand, regeneration
1, shaggy fur 1, tough skin 3
a: Berserk, Trog's Hand, Brothers in Arms, Renounce Religion


You were on level 15 of the Dungeon.
You worshipped Trog.
Trog was greatly pleased with you.
You were not hungry.

You visited 1 branch of the dungeon, and saw 15 of its levels.
You also visited: Ossuary and Ice Cave.

You collected 1013 gold pieces.
You spent 175 gold pieces at shops.

Inventory:

Hand Weapons
 T - the +8 quarterstaff "Otipt" {speed, rF+ MR+ Int+3, unknown}
   (Trog gifted it to you on level 12 of the Dungeon)

   Attacks with this weapon are significantly faster.
   It affects your intelligence (+3).
   It protects you from fire.
   It affects your resistance to hostile enchantments.
 W - a +1 executioner's axe of freezing
Missiles
 a - 6 javelins
 v - 6 curare-tipped needles
 M - 10 tomahawks (quivered)
Armour
 n - a scarf of repulsion (worn)
 r - a cursed +0 robe
 F - a cursed -1 robe
 R - a +2 hat of magic resistance (worn)
 X - a +0 robe of positive energy (worn)
 Y - a +1 shield of positive energy (worn)
Magical Staves
 V - an uncursed staff of poison {unknown}
Jewellery
 l - an uncursed ring of protection from fire
 q - an uncursed amulet of guardian spirit
 B - a +2 ring of evasion (right claw)
 D - an uncursed ring of poison resistance
 E - an uncursed ring of ice {unknown}
 P - an amulet of the acrobat (around neck)
 Z - a ring of protection from cold (left claw)
Wands
 p - a wand of paralysis (11)
 u - a wand of flame (49)
 Q - a wand of random effects (11)
Scrolls
 c - 3 scrolls of amnesia {unknown}
 d - 8 scrolls of teleportation {unknown}
 f - 17 scrolls of identify {unknown}
 h - a scroll of random uselessness {unknown}
 i - 3 scrolls of immolation {unknown}
 j - 3 scrolls of enchant weapon {unknown}
 m - 7 scrolls of remove curse {unknown}
 o - 4 scrolls of magic mapping {unknown}
 s - 5 scrolls of fog {unknown}
 y - a scroll of blinking {unknown}
 A - 6 scrolls of fear {unknown}
 C - 3 scrolls of enchant armour {unknown}
 O - a scroll of silence {unknown}
Potions
 e - 2 potions of degeneration {unknown}
 g - 3 potions of flight {unknown}
 k - 5 potions of curing {unknown}
 t - a potion of haste {unknown}
 w - a potion of resistance {unknown}
 x - 2 potions of mutation {unknown}
 z - 2 potions of invisibility {unknown}
 G - 3 potions of heal wounds {unknown}
 I - 3 potions of agility {unknown}
 J - 5 potions of brilliance {unknown}
 K - a potion of berserk rage {unknown}
 L - a potion of lignification {unknown}
 N - a potion of cancellation {unknown}
 S - a potion of ambrosia {unknown}
Miscellaneous
 U - a lightning rod (1/4)
Comestibles
 b - 22 rations


   Skills:
 - Level 8.1 Fighting
 - Level 9.9 Dodging
 + Level 6.7 Shields
 - Level 16.4 Unarmed Combat


You had 12 spell levels left.
You didn't know any spells.
Your spell library was empty.

Dungeon Overview and Level Annotations

Branches:
Dungeon (15/15)            Temple (0/1) D:4            Lair (0/6) D:9
    Orc (0/2) D:12
 Vaults: D:13-14     Depths: D:15

Altars:
Fedhas
Ru
Trog
The Shining One

Shops:
D:13 [

Annotations:
D:9 3 runed translucent doors, exclusion: oklob plant, atarun's ghost, journeyman HOFi
D:13 Sonja
D:14 exclusions: human and vault guard


Innate Abilities, Weirdness & Mutations

You are too large for most types of armour.
You have claws for hands.
Your metabolism is lightning-fast.
You like to eat raw meat.
Your natural rate of healing is unusually fast.
You are covered in fur. (AC +1)
You have extremely tough skin. (AC +3)


Message History

The six-headed hydra bites you!
* * * LOW HITPOINT WARNING * * *
The six-headed hydra closely misses your ogre.
The six-headed hydra bites your ogre. The six-headed hydra bites your ogre!
The six-headed hydra bites your ogre. x2; The six-headed hydra bites your ogre!
Your ogre dies!
Your ogre's corpse disappears in a puff of smoke!
Unknown command.
Okay, then.
Unknown command.
Okay, then.
Unknown command.
Okay, then.
Unknown command.
Okay, then.
Unknown command.
Your skin crawls.
You feel resistant to hostile enchantments.
You feel somewhat more hungry. The dire elephant tramples you!!
You die...

...........# #.......##
#........# #........#
#........+ #..=.....#
(#######........########
....(...........<.......
........@...#...####....
.......§YD≈.#.≈.# .
........(...#...#
.......))###'###.#
............#.. ##
..!.......≈.# ≈.
.######.....# . #..###.#
#..# ##


You could see a dire elephant and a six-headed hydra.

Vanquished Creatures
  Rupert (D:13)
  A storm dragon (D:14)
  Azrael (D:13)
  Josephine (D:13)
  A hydra (D:14)
  A centaur warrior (D:13)
  3 two-headed ogres
  A death knight (D:13)
  3 skeletal warriors (D:13)
  An unseen horror (D:13)
  3 ugly things
  2 cyclopes
  3 manticores
  A moth of wrath (shapeshifter) (D:12)
  A deep elf mage (D:11)
  A salamander (D:15)
  3 ice statues (IceCv)
  2 gargoyles (D:14)
  3 centaur skeletons
  2 efreet
  A kobold demonologist (D:14)
  3 freezing wraiths
  2 komodo dragons (D:13)
  A troll (D:14)
  7 slime creatures
  3 hippogriffs
  A meliai zombie (D:14)
  5 wraiths (D:13)
  A water elemental (D:14)
  A vampire (D:12)
  7 fire elementals (D:13)
  2 basilisks
  A hungry ghost (D:13)
  6 yaks (D:12)
  3 vampire mosquitoes (D:14)
  A hell hound (D:13)
  A porcupine (D:9)
  A water moccasin (D:10)
  12 orc warriors
  3 sky beasts
  2 black bears
  17 ice beasts
  A phantom (D:14)
  A hornet zombie (D:14)
  2 eyes of draining
  4 ogres
  9 centaurs
  A crocodile (D:12)
  2 big kobolds
  11 bullfrogs
  2 wyvern zombies (D:14)
  5 scorpions
  A wyvern skeleton (D:6)
  8 wights
  2 electric eels (D:14)
  7 crimson imps
  2 centaur zombies
  A quasit (D:6)
  A gnoll shaman (D:6)
  3 hounds
  8 orc priests
  4 bullfrog zombies
  8 jellies
  16 orc wizards
  3 iguanas
  3 bullfrog skeletons
  Ijyb (D:3)
  11 worker ants
  14 mummies (Ossuary)
  A hound skeleton (D:4)
  2 worker ant zombies
  12 adders
  4 gnolls (D:6)
  4 shadow imps
  6 oozes
  An adder zombie (D:7)
  4 worms
  A dart slug (D:2)
  5 leopard geckos
  63 orcs
  2 ball pythons
  3 giant cockroaches
  5 goblins
  7 hobgoblins
  12 jackals
  14 kobolds
  2 quokkas
  10 bats
  4 frilled lizards
  3 gnoll skeletons (Ossuary)
  A goblin skeleton (Ossuary)
  3 kobold skeletons (Ossuary)
  An orc skeleton (Ossuary)
  3 rats
  11 rat skeletons (Ossuary)
431 creatures vanquished.

Vanquished Creatures (collateral kills)
  A rakshasa (D:14)
  A centaur warrior (D:10)
  A death knight (D:10)
  A tengu warrior (D:10)
  A skeletal warrior (D:12)
  A manticore (D:10)
  A wraith (D:14)
  A bullfrog skeleton (D:10)
  4 gnolls (D:10)
  An adder (D:10)
13 creatures vanquished.

Vanquished Creatures (others)
  A centaur skeleton (D:13)
  A crocodile (D:13)
  A bullfrog (D:13)
  A hound (D:11)
  An orc wizard (D:12)
5 creatures vanquished.

Grand Total: 449 creatures vanquished

Notes
Turn   | Place    | Note
-------+----------+-------------------------------------------
     0 | D:1      | Lavandula the Troll Berserker began the quest for the Orb.
     0 | D:1      | Reached XP level 1. HP: 22/22 MP: 0/0
   259 | D:1      | Reached XP level 2. HP: 25/29 MP: 1/1
   526 | D:2      | Reached skill level 4 in Unarmed Combat
   619 | D:2      | Reached XP level 3. HP: 36/36 MP: 2/2
   894 | D:2      | Reached ** piety under Trog
   969 | D:2      | Found a bloodstained altar of Trog.
  1227 | D:2      | Reached XP level 4. HP: 44/44 MP: 3/3
  1382 | D:3      | Noticed Ijyb
  1388 | D:3      | Paralysed by Ijyb for 4 turns
  1397 | D:3      | Killed Ijyb
  1397 | D:3      | Reached skill level 5 in Unarmed Combat
  1555 | D:3      | Found a glowing golden altar of the Shining One.
  1666 | D:3      | Reached XP level 5. HP: 48/50 MP: 2/4
  1703 | D:3      | Reached skill level 6 in Unarmed Combat
  1849 | D:3      | Found a sacrificial altar of Ru.
  2482 | D:4      | Noticed an ogre
  2488 | D:4      | Killed an ogre
  2488 | D:4      | Reached *** piety under Trog
  2488 | D:4      | Reached skill level 7 in Unarmed Combat
  2488 | D:4      | Reached XP level 6. HP: 59/59 MP: 3/5
  2624 | D:4      | Found a staircase to the Ecumenical Temple.
  2720 | D:4      | Received a gift from Trog
  2785 | D:5      | Entered Level 5 of the Dungeon
  2948 | D:5      | Reached skill level 8 in Unarmed Combat
  2948 | D:5      | Reached XP level 7. HP: 41/66 MP: 3/6
  3323 | D:6      | Reached skill level 9 in Unarmed Combat
  3512 | D:6      | Reached XP level 8. HP: 74/74 MP: 3/7
  3513 | D:6      | Reached skill level 10 in Unarmed Combat
  4079 | D:7      | Reached skill level 11 in Unarmed Combat
  4122 | D:7      | Reached **** piety under Trog
  4478 | D:7      | Reached skill level 12 in Unarmed Combat
  4478 | D:7      | Reached XP level 9. HP: 61/80 MP: 4/8
  4822 | D:8      | Found a sand-covered staircase.
  4831 | Ossuary  | Entered an ossuary
  4986 | Ossuary  | Reached ***** piety under Trog
  5491 | D:8      | Received a gift from Trog
  5636 | D:9      | Found a runed translucent gate.
  5636 | D:9      | Found a runed translucent gate.
  5636 | D:9      | Found a runed translucent gate.
  5641 | D:9      | Noticed atarun's ghost (journeyman HOFi)
  5743 | D:9      | Reached skill level 5 in Dodging
  5919 | D:9      | Reached XP level 10. HP: 78/88 MP: 9/9
  5942 | D:9      | Found a staircase to the Lair.
  6351 | D:9      | Found a blossoming altar of Fedhas.
  6364 | D:9      | Noticed an oklob plant
  6411 | D:10     | Entered Level 10 of the Dungeon
  6580 | D:10     | Noticed a manticore
  6580 | D:10     | Noticed a death knight
  6581 | D:10     | Noticed a cyclops
  6581 | D:10     | Noticed a centaur warrior
  6581 | D:10     | Noticed a two-headed ogre
  6581 | D:10     | Noticed a manticore
  6581 | D:10     | Noticed a tengu warrior
  6586 | D:10     | Killed a centaur warrior
  6586 | D:10     | Reached skill level 5 in Fighting
  6588 | D:10     | Killed a tengu warrior
  6600 | D:10     | Killed a death knight
  6603 | D:10     | Killed a manticore
  6650 | D:10     | Killed a cyclops
  6654 | D:10     | Killed a manticore
  6788 | D:10     | Killed a two-headed ogre
  6788 | D:10     | Reached XP level 11. HP: 93/111 MP: 7/10
  7029 | D:10     | Reached skill level 13 in Unarmed Combat
  7529 | D:11     | Noticed a deep elf mage
  7535 | D:11     | Killed a deep elf mage
  7731 | D:11     | You fall through a shaft!
  7765 | D:12     | Received a gift from Trog
  7766 | D:12     | Got a crude quarterstaff {god gift}
  7823 | D:12     | Noticed a red ugly thing
  7829 | D:12     | Killed a red ugly thing
  8024 | D:12     | Reached skill level 14 in Unarmed Combat
  8067 | D:12     | Found a frozen archway.
  8145 | IceCv    | Entered an ice cave
  8200 | IceCv    | Noticed a white ugly thing
  8210 | IceCv    | Killed a white ugly thing
  8262 | IceCv    | Reached skill level 15 in Unarmed Combat
  8357 | IceCv    | Noticed a white ugly thing
  8372 | IceCv    | Killed a white ugly thing
  8472 | D:12     | Reached XP level 12. HP: 119/119 MP: 8/11
  8791 | D:12     | Found a staircase to the Orcish Mines.
  8804 | D:12     | Reached skill level 16 in Unarmed Combat
  8878 | D:13     | Noticed a two-headed ogre
  8882 | D:13     | Killed a two-headed ogre
  8915 | D:13     | Noticed a death knight
  9124 | D:12     | Received a gift from Trog
  9193 | D:13     | Noticed Josephine
  9266 | D:13     | Noticed Rupert
  9276 | D:13     | Killed Rupert
  9306 | D:13     | Found Yshural's Armour Shoppe.
  9339 | D:13     | Noticed a centaur warrior
  9357 | D:13     | Killed a centaur warrior
  9506 | D:13     | Noticed Azrael
  9518 | D:13     | Killed Azrael
  9623 | D:13     | Killed Josephine
  9623 | D:13     | Reached XP level 13. HP: 127/127 MP: 10/12
  9793 | D:13     | Bought a +1 shield of positive energy for 175 gold pieces
  9844 | D:13     | Noticed Sonja
  9858 | D:13     | Reached skill level 1 in Shields
 10527 | D:14     | Noticed a storm dragon
 10537 | D:14     | Killed a storm dragon
 10537 | D:14     | Reached skill level 5 in Shields
 11266 | D:15     | Entered Level 15 of the Dungeon
 11299 | D:15     | Noticed a dire elephant
 11320 | D:15     | HP: 6/127 [six-headed hydra (13)]
 11322 | D:15     | Demolished by a dire elephant

Skill      XL: |  1  2  3  4  5  6  7  8  9 10 11 12 13 |
---------------+----------------------------------------+-----
Unarmed Combat | 4 5 7 8 9 12 15 16 | 16.4
Dodging        | 5 9 |  9.9
Fighting       | 8 |  8.1
Shields        | 6 |  6.7

Action                   |  1- 3 |  4- 6 |  7- 9 | 10-12 | 13-15 || total
-------------------------+-------+-------+-------+-------+-------++-------
Melee: Unarmed           |   100 |   126 |   385 |   413 |   168 ||  1192
       Punch             |     2 |     2 |    18 |    49 |    12 ||    83
Throw: Tomahawk          |       |       |       |       |     3 ||     3
Invok: Berserk           |       |     3 |    11 |    17 |     6 ||    37
       Brothers in Arms  |       |       |       |     3 |     5 ||     8
       Trog's Hand       |       |       |       |     4 |     3 ||     7
Evoke: Wand              |       |       |       |       |     4 ||     4
       Lightning rod     |       |       |       |       |     4 ||     4
 Stab: Sleeping          |       |       |     1 |       |       ||     1
  Eat: Chunk             |     8 |    15 |    38 |    45 |    17 ||   123
       Ration            |       |     1 |       |     4 |     1 ||     6
Armor: Animal skin       |    34 |    31 |    83 |    57 |       ||   205
       Robe              |       |       |       |    15 |    31 ||    46
Dodge: Dodged            |    40 |    52 |   161 |   158 |   111 ||   522
       Deflected         |       |     1 |     8 |    10 |     7 ||    26
Block: Shield            |       |       |       |       |    36 ||    36
